 Dungeon Crawl Stone Soup version 0.30-a0-177-g1cb5dbfd7a (webtiles) character file.

Game seed: 18332411055355700232

548 billz999 the Sneak (level 7, -3/47 HPs)
             Began as a Vampire Earth Elementalist on Sept 29, 2022.
             Was an Initiate of Nemelex Xobeh.
             Killed by divine providence
             ... invoked by an orc priest
              (12 damage)
             ... on level 5 of the Dungeon on Oct 3, 2022.
             The game lasted 00:20:09 (5361 turns).

billz999 the Sneak (Vampire Earth Elementalist)     Turns: 5361, Time: 00:20:09

Health: -3/47      AC:  3    Str:  7    XL:     7   Next: 7%
Magic:  2/12       EV: 12    Int: 20    God:    Nemelex Xobeh [......]
Gold:   300        SH:  5    Dex: 14    Spells: 3/12 levels left

rFire   . . .      SeeInvis +    e - +0 dagger
rCold   . . .      Faith    .    (no shield)
rNeg    . . .      Spirit   .    a - +0 robe
rPois   +          Reflect  +    (no helmet)
rElec   .          Harm     .    (no cloak)
rCorr   .          Rampage  .    w - +0 pair of gloves
Will    .....                    (no boots)
Stlth   ++++......               f - amulet of reflection
HPRegen 0.47/turn                m - ring of poison resistance
MPRegen 0.13/turn                (no ring)

@: mighty, flying, healing quickly
A: alive, fangs 3, see invisible, vampiric 2
a: Exsanguinate, Renounce Religion, Draw Escape, Draw Destruction, Draw
Summoning


You were on level 5 of the Dungeon.
You worshipped Nemelex Xobeh.
Nemelex Xobeh was noncommittal.
You visited 1 branch of the dungeon, and saw 5 of its levels.

You collected 300 gold pieces.

Inventory:

Hand Weapons
 e - a +0 dagger (weapon)
Missiles
 l - 14 poisoned darts
Armour
 a - a +0 robe (worn)
 s - a +0 pair of gloves
 w - a +0 pair of gloves (worn)
 y - a +0 buckler
Jewellery
 f - an amulet of reflection (around neck)
 m - a ring of poison resistance (left hand)
Scrolls
 c - 2 scrolls of blinking {unknown}
 d - a scroll of vulnerability {unknown}
 i - 2 scrolls of fear {unknown}
 j - 13 scrolls of identify {unknown}
 k - 2 scrolls of teleportation
 q - a scroll of silence {unknown}
 r - 2 scrolls of enchant weapon {unknown}
 v - a scroll of magic mapping {unknown}
 z - 3 scrolls of enchant armour {unknown}
Potions
 b - a potion of magic
 g - 2 potions of flight
 h - a potion of curing {unknown}
 n - a potion of might
 o - a potion of haste {unknown}
 p - a potion of brilliance {unknown}
 u - a potion of resistance
 x - a potion of degeneration {unknown}
 A - a potion of mutation {unknown}


   Skills:
 - Level 0.4 Fighting
 - Level 0.2 Short Blades
 - Level 2.1 Dodging
 - Level 7.4 Stealth
 - Level 0.6 Shields
 - Level 0.2 Unarmed Combat
 - Level 3.3 Spellcasting
 - Level 0.8 Necromancy
 * Level 5.0 Transmutations
 + Level 3.2 Earth Magic


You had 3 spell levels left.
You knew the following spells:

 Your Spells              Type           Power      Damage    Failure   Level
a - Sandblast             Erth           32%        2d9       3%          1
b - Petrify               Tmut/Erth      20%        N/A       24%         4
c - Dispel Undead         Necr           6%         3d8       67%         4

Your spell library contained the following spells:

 Spells                   Type           Power      Damage    Failure   Level
 Passwall                 Tmut/Erth      16%        N/A       3%          2
 Sting                    Tmut/Pois      52%        1d5       4%          1
 Cigotuvi's Dreadful Rot  Necr/Pois/Air  8%         N/A       19%         2
 Poisonous Vapours        Pois/Air       6%         N/A       21%         2
 Stone Arrow              Conj/Erth      18%        3d8       22%         3
 Olgreb's Toxic Radiance  Pois           3%         N/A       80%         4
 Death Channel            Necr           3%         N/A       100%        6


Dungeon Overview and Level Annotations

Branches:
Dungeon (5/15)
 Temple: D:4-7

Altars:
Hepliaklqana
Nemelex Xobeh
Vehumet
Xom


Innate Abilities, Weirdness & Mutations

Your natural rate of healing is accelerated.
You have razor-sharp teeth.
You have supernaturally acute eyesight. (SInv)
You are afflicted with vampirism and can become a bat while bloodless.


Message History

Aim: an orc priest, wielding a +0 flail and wearing a +0 chain mail (lightly wounded, 87% to hit)
The blast of sand hits the orc priest!
The orc priest is severely wounded.
The orc priest barely misses you.
The orc priest mumbles some strange prayers to Beogh against you.
Beogh smites you!
* * * LOW HITPOINT WARNING * * *
You feel much better.
The orc priest casts a cantrip, but nothing happens.
Casting: Sandblast (safe; 3% risk of failure)
Confirm with . or Enter, or press ? or * to list all spells.
Aiming: Sandblast (safe; 3% risk of failure)
Press: ? - help, Shift-Dir - straight line, f/p - orc priest
Aim: an orc priest, wielding a +0 flail and wearing a +0 chain mail (severely wounded, 87% to hit)
The blast of sand hits the orc priest but does no damage.
The orc priest is severely wounded.
The orc priest mumbles some strange prayers to Beogh against you.
Beogh smites you!
Casting: Sandblast (safe; 3% risk of failure)
Confirm with . or Enter, or press ? or * to list all spells.
Aiming: Sandblast (safe; 3% risk of failure)
Press: ? - help, Shift-Dir - straight line, f/p - orc priest
Aim: an orc priest, wielding a +0 flail and wearing a +0 chain mail (severely wounded, 87% to hit)
The blast of sand hits the orc priest.
The orc priest is severely wounded.
The orc priest calls down the wrath of Beogh upon you.
Beogh smites you!
* * * LOW HITPOINT WARNING * * *
The orc priest closely misses you.
Casting: Sandblast (safe; 3% risk of failure)
Confirm with . or Enter, or press ? or * to list all spells.
Aiming: Sandblast (safe; 3% risk of failure)
Press: ? - help, Shift-Dir - straight line, f/p - orc priest
Aim: an orc priest, wielding a +0 flail and wearing a +0 chain mail (severely wounded, 87% to hit)
The blast of sand hits the orc priest but does no damage.
The orc priest is severely wounded.
The orc priest calls down the wrath of Beogh upon you.
Beogh smites you!
You die...
Your body disappears without a glow.

####.........######.....##
.............oo..).......#
.#####.......#####.......#####
.......####### #..o........#
........# ##......#.###
...####.### ####.......# ..
#.o.##### #.).......## #
###.....###o######..##
#####...@.# ##...#
........#### #..#.###
.######>########.##...###
########..........####...#
#.....#########.<## ###.## ..
#.###...#######...# #.## .#
#..####....##...#.### #.## .
##.# ####.##.###...## #.<. #
#.# #....# ###..# ##..


You could see an orc priest.

Vanquished Creatures
  An ogre (D:3)
  3 hounds
  An orc priest (D:4)
  A jelly (D:4)
  An iguana (D:5)
  Terence (D:3)
  2 orc wizards (D:5)
  7 adders
  An ufetubus (D:4)
  3 worms
  2 dart slugs
  23 orcs
  7 endoplasms
  13 giant cockroaches
  4 goblins
  5 hobgoblins
  2 jackals (D:1)
  6 quokkas
  8 ball pythons
  6 bats
  3 frilled lizards
  7 kobolds
  7 rats
114 creatures vanquished.

Vanquished Creatures (others)
  A plant (D:3)
  A withered plant (D:3)
2 creatures vanquished.

Grand Total: 116 creatures vanquished

Notes
Turn   | Place    | Note
-------+----------+-------------------------------------------
     0 | D:1      | billz999 the Vampire Earth Elementalist began the quest for
                  | the Orb.
     0 | D:1      | Reached XP level 1. HP: 13/13 MP: 3/3
   134 | D:1      | Reached skill level 4 in Stealth
   260 | D:1      | Reached XP level 2. HP: 19/19 MP: 3/5
  1130 | D:1      | Reached skill level 5 in Stealth
  1315 | D:1      | Gained mutation: You are afflicted with vampirism and can
                  | become a bat while bloodless. [Vampire growth]
  1315 | D:1      | Reached XP level 3. HP: 25/25 MP: 6/6
  1681 | D:2      | Reached skill level 6 in Stealth
  1717 | D:2      | Reached XP level 4. HP: 24/31 MP: 1/7
  1995 | D:2      | Reached skill level 7 in Stealth
  2000 | D:2      | Learned a level 4 spell: Petrify
  2329 | D:3      | Noticed an ogre
  2332 | D:3      | Noticed Terence
  2509 | D:3      | Reached XP level 5. HP: 21/36 MP: 6/8
  2933 | D:3      | Killed an ogre
  3104 | D:3      | Found a faded altar of an unknown god.
  3172 | D:3      | Killed Terence
  3173 | D:3      | Reached XP level 6. HP: 18/42 MP: 2/10
  4303 | D:4      | Found a sparkling altar of Nemelex Xobeh.
  4304 | D:4      | Found a shimmering altar of Xom.
  4310 | D:4      | Found a hazy altar of Hepliaklqana.
  4310 | D:4      | Found a radiant altar of Vehumet.
  4450 | D:4      | Upgraded the game from 0.30-a0-165-g1891117ce2 to
                  | 0.30-a0-177-g1cb5dbfd7a
  4555 | D:4      | Became a worshipper of Nemelex Xobeh the Trickster
  4561 | D:4      | Learned a level 4 spell: Dispel Undead
  4591 | D:5      | Entered Level 5 of the Dungeon
  4948 | D:5      | Reached skill level 5 in Transmutations
  5046 | D:5      | Reached XP level 7. HP: 47/47 MP: 9/12
  5361 | D:5      | Killed from afar by an orc priest

Illustrated notes

Levels and vault maps discovered:
D:1:      lemuel_arrival_hallway, layout_basic
D:2:      minmay_roachtagon, layout_basic
D:3:      layout_loops_ring, shapermc_ecumenical_altar_flowoftime,
          portal_sewer_entry_c, hangedman_abyss_or_decor_lesser_grid,
          uniq_terence
D:4:      layout_loops_ring, minitemple, minmay_stone_trees_small
D:5:      layout_rooms, minmay_temple_entry_drinking_statues

Skill      XL: |  1  2  3  4  5  6 |
---------------+-------------------+-----
Stealth        | 4 5 6 7 |  7.4
Transmutations | 2 3 5 |  5.0
Spellcasting   | 3 |  3.3
Fighting       | |  0.4
Short Blades   | |  0.2
Dodging        | |  2.1
Shields        | |  0.6
Unarmed Combat | |  0.2
Necromancy     | |  0.8
Earth Magic    | |  3.2

Action                   |  1- 3 |  4- 6 |  7- 9 || total
-------------------------+-------+-------+-------++-------
Melee: Unarmed           |     4 |       |       ||     4
       Bite              |     6 |    10 |       ||    16
       Dagger            |    50 |    56 |     2 ||   108
       Punch             |     1 |       |       ||     1
 Cast: Sandblast         |    55 |   114 |    21 ||   190
       Petrify           |       |     1 |     1 ||     2
 Abil: Exsanguinate      |       |     1 |       ||     1
  Use: Potion            |       |     3 |     4 ||     7
       Scroll            |       |     2 |       ||     2
 Stab: Sleeping          |     7 |     8 |       ||    15
       Petrified         |       |     2 |     2 ||     4
Armor: Robe              |    22 |    19 |     3 ||    44
       Skin              |       |     2 |       ||     2
Dodge: Dodged            |    49 |    83 |    21 ||   153
Block: Other             |       |    10 |     3 ||    13

Table legend: (Time is in decaauts)
 A = Elapsed time spent in this place.
 B = Non-inter-level travel time spent in this place.
 C = Inter-level travel time spent in this place.
 D = Time resting spent in this place.
 E = Time spent auto-exploring this place.
 F = Levels seen in this place.
 G = Mean time per level.
                   A        B        C        D        E       F      G
               +--------+--------+--------+--------+--------+-----+--------+
         Total |   5453 |   5176 |    277 |    827 |   3324 |   5 | 1090.6 |
       Dungeon |   5453 |   5176 |    277 |    827 |   3324 |   5 | 1090.6 |
               +--------+--------+--------+--------+--------+-----+--------+

Top non-repeatable levels by time:
     D:1: 1422 daAuts
     D:3: 1320 daAuts
     D:4: 1072 daAuts
     D:2: 869 daAuts
     D:5: 768 daAuts
